 Dungeon Crawl Stone Soup version 0.31.0-12-g77e489cdc1 (webtiles) character file.

Game seed: 17737740626930203674

23 Silvore the Trooper (level 2, -2/24 HPs)
             Began as a Demonspawn Fighter on Feb 14, 2024.
             Slain by a kobold
             ... wielding a +0 club
              (3 damage)
             ... on level 2 of the Dungeon.
             The game lasted 00:01:19 (933 turns).

Silvore the Trooper (Demonspawn Fighter)             Turns: 933, Time: 00:01:19

Health: -2/24      AC:  3    Str: 16    XL:     2   Next: 72%
Magic:  2/2        EV:  5    Int:  8    God:
Gold:   69         SH:  6    Dex: 14    Spells: 1/1 levels left

rFire   + . .        a - +0 long sword
rCold   . . .        c - +1 buckler
rNeg    . . .        b - +0 scale mail
rPois   .            (no helmet)
rElec   .            (no cloak)
rCorr   .            (no gloves)
SInv    .            (no boots)
Will    .....        (no amulet)
Stlth   +            (no ring)
HPRegen 0.24/turn    (no ring)
MPRegen 0.08/turn

%: no passive effects
@: constricted
A: thin skeletal structure 1, deformed body, fire resistance 1, devolution 1
a: no special abilities


You were on level 2 of the Dungeon.
You visited 1 branch of the dungeon, and saw 2 of its levels.

You collected 69 gold pieces.

Inventory:

Hand Weapons
 a - a +0 long sword (weapon)
Armour
 b - a +0 scale mail (worn)
 c - a +1 buckler (worn)
Potions
 d - a potion of might
 e - a potion of heal wounds {unknown}
 f - a potion of enlightenment
 i - a potion of haste {unknown}


   Skills:
 + Level 3.2 Fighting
 + Level 2.2 Long Blades
 + Level 2.8 Armour
 + Level 3.0 Shields


You had one spell level left.
You didn't know any spells.
Your spell library was empty.

Dungeon Overview and Level Annotations

Branches:
Dungeon (2/15)

Altars:


Innate Abilities, Weirdness & Mutations

You have a somewhat thin skeletal structure. (Dex +2, Stealth+)
Armour fits poorly on your strangely shaped body.
Your flesh is heat resistant. (rF+)
You have hidden genetic defects.


Message History

The kobold completely misses you. The ball python bites you.
The ball python constricts you. The kobold barely misses you.
The ball python barely misses you. The ball python constricts you.
The kobold hits you with a +0 club.
The ball python bites you but does no damage.
The ball python constricts you. The ball python closely misses you.
The ball python constricts you. The kobold barely misses you.
The ball python bites you. The ball python constricts you.
The kobold hits you with a +0 club. You block the ball python's attack.
The ball python constricts you. You block the kobold's attack.
The ball python closely misses you. The ball python constricts you.
The kobold completely misses you. The ball python closely misses you.
The ball python constricts you. You block the kobold's attack.
The ball python bites you but does no damage.
The ball python constricts you. The ball python bites you.
The ball python constricts you. The kobold barely misses you.
The ball python bites you but does no damage.
The ball python constricts you. The kobold completely misses you.
You block the ball python's attack. The ball python constricts you.
You block the kobold's attack. You block the ball python's attack.
The ball python constricts you. The kobold hits you but does no damage.
The ball python bites you.
* * * LOW HITPOINT WARNING * * *
The ball python constricts you. The kobold hits you with a +0 club.
* * * LOW HITPOINT WARNING * * *
You block the ball python's attack. The ball python constricts you.
The ball python barely misses you. The ball python constricts you.
You block the kobold's attack. The ball python barely misses you.
The ball python constricts you. The kobold barely misses you.
The ball python bites you.
* * * LOW HITPOINT WARNING * * *
The ball python constricts you.
* * * LOW HITPOINT WARNING * * *
The kobold hits you with a +0 club.
You die...

#### #.. .# #.#
.####.#######
#.##.........#
#.#....#####.######.
###.#..#######K.....$#
###.............@S#####.
....#.#..#######.##
....<.#..# #.#
####..#..# #.#
####..#..# #.#
......#..# #.#
####.##..# #.# #.##..#
#.# ####.##..#


You could see a ball python and a kobold.

Vanquished Creatures
  A bat (D:1)
  3 endoplasms (D:1)
  A goblin (D:1)
  5 hobgoblins (D:1)
  2 jackals (D:1)
  3 ball pythons (D:1)
  A frilled lizard (D:1)
  2 kobolds (D:1)
  2 rats (D:1)
20 creatures vanquished.

Notes
Turn   | Place    | Note
-------+----------+-------------------------------------------
     0 | D:1      | Silvore the Demonspawn Fighter began the quest for the Orb.
     0 | D:1      | Reached XP level 1. HP: 18/18 MP: 1/1
   274 | D:1      | Gained mutation: You have a somewhat thin skeletal
                  | structure. (Dex +2, Stealth+) [demonic ancestry]
   274 | D:1      | Reached XP level 2. HP: 24/24 MP: 2/2
   814 | D:1      | Gained mutation: You occasionally lose the ability to drink
                  | potions when taking damage. [potion of mutation]
   814 | D:1      | Gained mutation: You are partially covered in large bone
                  | plates. (SH +4) [potion of mutation]
   815 | D:1      | Lost mutation: You are partially covered in large bone
                  | plates. (SH +4) [potion of mutation]
   815 | D:1      | Lost mutation: You occasionally lose the ability to drink
                  | potions when taking damage. [potion of mutation]
   815 | D:1      | Gained mutation: You have sharp toenails. [potion of
                  | mutation]
   815 | D:1      | Gained mutation: You are somewhat resistant to further
                  | mutation. [potion of mutation]
   816 | D:1      | Lost mutation: You have sharp toenails. [potion of
                  | mutation]
   816 | D:1      | Lost mutation: You are somewhat resistant to further
                  | mutation. [potion of mutation]
   816 | D:1      | Gained mutation: You have hidden genetic defects. [potion
                  | of mutation]
   816 | D:1      | Gained mutation: Armour fits poorly on your strangely
                  | shaped body. [potion of mutation]
   816 | D:1      | Gained mutation: Your flesh is heat resistant. (rF+)
                  | [potion of mutation]
   933 | D:2      | HP: 1/24 [constriction (1)]
   933 | D:2      | Slain by a kobold

Illustrated notes

Levels and vault maps discovered:
D:1:      minmay_arrival_shattered_statue, layout_basic, minmay_tetromino_s4
D:2:      layout_loops_ring, minmay_quadrilaterals, uniq_terence, uniq_robin

Skill      XL: |  1  2 |
---------------+-------+-----
Long Blades    | 2 |  2.2
Shields        | 3 |  3.0
Fighting       | |  3.2
Armour         | |  2.8

Action                     || total
---------------------------++-------
  Melee: Long sword        ||    53
    Use: Scroll            ||     4
         Potion            ||     3
 Armour: Scale mail        ||    67
  Dodge: Dodged            ||    33
  Block: Buckler           ||    30
